 Dungeon Crawl Stone Soup version 0.32-a0-685-g93135e86f0 (webtiles) character file.

Game seed: 4408767062275436370

1080 jestert79 the Sneak (level 8, -2/37 HPs)
             Began as a Spriggan Artificer on Mar 12, 2024.
             Was an Initiate of Nemelex Xobeh.
             Slain by a vampire mosquito (9 damage)
             ... on level 5 of the Dungeon.
             The game lasted 00:15:00 (4486 turns).

jestert79 the Sneak (Spriggan Artificer)            Turns: 4486, Time: 00:15:02

Health: -2/37      AC:  4    Str:  8    XL:     8   Next: 8%
Magic:  9/9        EV: 21    Int: 12    God:    Nemelex Xobeh [......]
Gold:   215        SH:  0    Dex: 18    Spells: 7/7 levels left

rFire   + . .        g - +2 dagger (speed)
rCold   . . .        (no shield)
rNeg    . . .        b - +0 robe
rPois   .            (helmet restricted)
rElec   .            v - +1 cloak
rCorr   .            (gloves unavailable)
SInv    +            (boots unavailable)
Will    ++...        (no amulet)
Stlth   ++++         s - ring of willpower
HPRegen 0.26/turn    r - ring of protection from fire
MPRegen 0.11/turn

%: no passive effects
@: very quick
A: very small, no large weapons, unfitting armour, see invisible, speed 3
a: Renounce Religion, Draw Escape, Draw Destruction, Draw Summoning


You were on level 5 of the Dungeon.
You worshipped Nemelex Xobeh.
Nemelex Xobeh was noncommittal.
You visited 1 branch of the dungeon, and saw 5 of its levels.

You collected 215 gold pieces.

Inventory:

Hand Weapons
 g - a +2 dagger of speed (weapon)
Missiles
 m - 6 poisoned darts
Armour
 b - a +0 robe (worn)
 v - a +1 cloak (worn)
Jewellery
 r - a ring of protection from fire (right hand)
 s - a ring of willpower (left hand)
Wands
 c - a wand of flame (6) (quivered)
 d - a wand of charming (4)
 e - a wand of iceblast (4)
 j - a wand of acid (4)
 q - a wand of paralysis (4)
Scrolls
 a - 3 scrolls of teleportation
 f - a scroll of enchant armour
 l - a scroll of amnesia
 o - a scroll of fog
 u - a scroll of poison {unknown}
Potions
 h - a potion of lignification {unknown}
 i - a potion of curing {unknown}
 k - 2 potions of attraction {unknown}
 n - a potion of might
 p - 3 potions of berserk rage {unknown}
 t - a potion of enlightenment {unknown}


   Skills:
 - Level 0.7 Fighting
 + Level 7.0 Short Blades
 + Level 7.0 Dodging
 + Level 7.6 Stealth
 - Level 4.1 Evocations


You had 7 spell levels left.
You didn't know any spells.
Your spell library contained the following spells:

 Spells                   Type           Power      Damage    Failure   Level
 Haunt                    Necr/Summ      0%         N/A       100%        7
 Borgnjor's Revivificati  Necr           0%         N/A       100%        8
 Death's Door             Necr           0%         N/A       100%        9


Dungeon Overview and Level Annotations

Branches:
Dungeon (5/15)
 Temple: D:4-7

Altars:
Cheibriados
Nemelex Xobeh
The Shining One


Innate Abilities, Weirdness & Mutations

You are very small and have problems with some larger weapons.
You are too small for most types of armour.
You have supernaturally acute eyesight. (SInv)
You cover ground extremely quickly. (Speed+++)


Message History

You hit the vampire mosquito.
The vampire mosquito is lightly damaged.
The vampire mosquito bites you but does no damage.
You miss the vampire mosquito.
The vampire mosquito is lightly damaged.
You closely miss the vampire mosquito.
The vampire mosquito is lightly damaged.
The vampire mosquito bites you.
The vampire mosquito draws strength from your injuries!
You hit the vampire mosquito.
The vampire mosquito is moderately damaged.
The vampire mosquito misses you.
You hit the vampire mosquito but do no damage.
The vampire mosquito is moderately damaged.
The vampire mosquito bites you.
The vampire mosquito draws strength from your injuries!
You hit the vampire mosquito.
The vampire mosquito is moderately damaged.
The vampire mosquito completely misses you.
You hit the vampire mosquito but do no damage.
The vampire mosquito is moderately damaged.
You miss the vampire mosquito.
The vampire mosquito is moderately damaged.
The vampire mosquito bites you!
* * * LOW HITPOINT WARNING * * *
The vampire mosquito draws strength from your injuries!
Aiming: Paralyse
Press: ? - help, Shift-Dir - straight line, f - vampire mosquito
Aim: a vampire mosquito (chance to affect: 59%)
The vampire mosquito resists with significant effort.
The vampire mosquito closely misses you.
The vampire mosquito completely misses you.
Unknown command.
Aiming: Paralyse
Press: ? - help, Shift-Dir - straight line, f/p - vampire mosquito
Aim: a vampire mosquito (chance to affect: 59%)
The vampire mosquito resists with significant effort.
The vampire mosquito bites you!
You die...
Your body disappears without a glow.

##...# ###.# # # #.## #. ##
.. #..## #. y# .# #####
##..# #.# .# .# #...# ##.#
#..## .#.# #...# #.#
#..##...#
#...######.#####......###
#...##........@y..).......
#......###.#########...###
#...#### #..# ...... #...#
##.### #...... #...# #...#
#....... #..)#
###.####........
####.##########....#.#......
...........................
<.....############..##....


You could see a vampire mosquito.

Vanquished Creatures
  Pikel (D:4)
  4 ogres
  2 bombardier beetles (D:3)
  A hound (D:4)
  2 orc wizards
  3 gnolls
  4 adders
  3 dart slugs
  2 ribbon worms
  3 orcs
  4 bats
  4 endoplasms
  3 goblins
  4 hobgoblins
  7 jackals (D:2)
  A quokka (D:1)
  A ball python (D:3)
  A frilled lizard (D:1)
  3 kobolds
  A rat (D:2)
54 creatures vanquished.

Vanquished Creatures (others)
  A centaur (D:4)
  A lemure (D:4)
  2 scorpions (D:4)
  An iguana (D:3)
5 creatures vanquished.

Grand Total: 59 creatures vanquished

Notes
Turn   | Place    | Note
-------+----------+-------------------------------------------
     0 | D:1      | jestert79 the Spriggan Artificer began the quest for the
                  | Orb.
     0 | D:1      | Reached XP level 1. HP: 9/9 MP: 2/2
   306 | D:1      | Reached XP level 2. HP: 6/14 MP: 3/3
   379 | D:1      | Reached skill level 1 in Short Blades
  1044 | D:2      | Found a faded altar of an unknown god.
  1076 | D:2      | Reached XP level 3. HP: 15/17 MP: 4/4
  1915 | D:3      | Found a snail-covered altar of Cheibriados.
  2054 | D:3      | Reached XP level 4. HP: 15/21 MP: 5/5
  2140 | D:3      | Found a faded altar of an unknown god.
  2144 | D:3      | Found a sparkling altar of Nemelex Xobeh.
  2928 | D:4      | Noticed a lemure
  2929 | D:4      | Noticed a lemure
  3036 | D:4      | Noticed Pikel
  3036 | D:4      | Noticed a lemure
  3036 | D:4      | Noticed a lemure
  3063 | D:3      | Became a worshipper of Nemelex Xobeh the Trickster
  3082 | D:4      | Noticed a scorpion
  3094 | D:4      | Noticed a scorpion
  3094 | D:4      | Noticed a centaur
  3388 | D:3      | Reached XP level 5. HP: 23/25 MP: 6/6
  3562 | D:4      | Noticed an ogre
  3748 | D:4      | Noticed an ogre
  3751 | D:4      | Killed an ogre
  3752 | D:4      | Reached skill level 5 in Dodging
  3752 | D:4      | Reached skill level 5 in Stealth
  3752 | D:4      | Reached XP level 6. HP: 29/29 MP: 7/7
  3774 | D:4      | Killed Pikel
  3775 | D:4      | Reached XP level 7. HP: 21/32 MP: 8/8
  3807 | D:4      | Found a glowing golden altar of the Shining One.
  4224 | D:5      | Entered Level 5 of the Dungeon
  4464 | D:5      | Reached XP level 8. HP: 37/37 MP: 9/9
  4486 | D:5      | Slain by a vampire mosquito

Illustrated notes

Levels and vault maps discovered:
D:1:      noname_arrival_rooms_in_the_neighbourhood, layout_basic,
          grunt_decor_fettered
D:2:      layout_basic, serial_glass, glass_columns_a, glass_columns_c,
          hellmonk_ecumenical_altar_dog_temple
D:3:      layout_loops_ring, nicolae_overflow_ecumenical_swirl, slow_altar_1
D:4:      layout_loops_cross, tso_metal_star, uniq_pikel
D:5:      layout_rooms, minmay_temple_entry_junction, gammafunk_ghost_arena,
          uniq_eustachio, uniq_menkaure, uniq_edmund, uniq_duvessa

Skill      XL: |  1  2  3  4  5  6  7 |
---------------+----------------------+-----
Stealth        | 2 3 4 5 6 7 |  7.6
Short Blades   | 1 2 3 4 6 7 |  7.0
Dodging        | 4 5 6 7 |  7.0
Fighting       | |  0.7
Evocations     | |  4.1

Action                     |  1- 3 |  4- 6 |  7- 9 || total
---------------------------+-------+-------+-------++-------
  Melee: Dagger            |   143 |    91 |    63 ||   297
         Club              |     9 |       |       ||     9
  Evoke: Wand              |     8 |    20 |     4 ||    32
    Use: Scroll            |       |     9 |       ||     9
   Stab: Sleeping          |     1 |     3 |     4 ||     8
         Paralysed         |       |       |     2 ||     2
 Armour: Robe              |    49 |    29 |    11 ||    89
  Dodge: Dodged            |   114 |    86 |    30 ||   230

Table legend: (Time is in decaauts)
 A = Elapsed time spent in this place.
 B = Non-inter-level travel time spent in this place.
 C = Inter-level travel time spent in this place.
 D = Time resting spent in this place.
 E = Time spent auto-exploring this place.
 F = Levels seen in this place.
 G = Mean time per level.
                   A        B        C        D        E       F      G
               +--------+--------+--------+--------+--------+-----+--------+
         Total |   3115 |   2951 |    164 |    513 |   1466 |   5 |  623.0 |
       Dungeon |   3115 |   2951 |    164 |    513 |   1466 |   5 |  623.0 |
               +--------+--------+--------+--------+--------+-----+--------+

Top non-repeatable levels by time:
     D:3: 987 daAuts
     D:2: 754 daAuts
     D:4: 730 daAuts
     D:1: 517 daAuts
     D:5: 125 daAuts
